 Dungeon Crawl Stone Soup version 0.20-a0-1116-gaa52201 (webtiles) character file.

228 Monsterracer the Poker (level 6, 0/46 HPs)
             Began as a Merfolk Skald on May 7, 2017.
             Succumbed to a scorpion's poison
             ... on level 4 of the Dungeon.
             The game lasted 00:07:46 (3078 turns).

Monsterracer the Poker (Merfolk Skald)              Turns: 3078, Time: 00:07:46

Health: 0/46       AC:  5    Str: 14    XL:     6   Next: 2%
Magic:  9/9        EV: 13    Int: 14    God:
Gold:   154        SH:  0    Dex: 13    Spells: 1/9 levels left

rFire    . . .     SeeInvis .   a - +0 spear
rCold    . . .     Gourm    .   (no shield)
rNeg     . . .     Faith    .   b - +0 leather armour
rPois    .         Spirit   .   (no helmet)
rElec    .         Reflect  .   h - scarf {cloud immunity}
rCorr    .         Harm     .   (no gloves)
MR       +....                  (no boots)
Stlth    +.........             (no amulet)
Regen    0.2/turn               e - ring of protection from magic
MPRegen  0.2/turn               (no ring)

@: lethally poisoned (0 -> -9)
A: change form in water, swift swim, stealthy swim, thin metallic scales 1,
strong 1
a: no special abilities


You were on level 4 of the Dungeon.
You were not hungry.

You visited 1 branch of the dungeon, and saw 4 of its levels.

You collected 154 gold pieces.

Inventory:

Hand Weapons
 a - a +0 spear (weapon)
Armour
 b - a +0 leather armour (worn)
 h - a scarf of cloud immunity (worn)
Jewellery
 e - a ring of protection from magic (left hand)
Scrolls
 f - 5 scrolls of identify {unknown}
Books
 c - a book of Battle

   Spells                             Type                      Level
   a - Infusion                       Charms                       1
   b - Shroud of Golubria             Charms/Translocation         2
   c - Song of Slaying                Charms                       2
   d - Spectral Weapon                Hexes/Charms                 3
   e - Regeneration                   Charms/Necromancy            3
Comestibles
 d - 3 bread rations
 j - 2 meat rations
 k - a royal jelly


   Skills:
 + Level 2.8 Fighting
 * Level 7.8 Polearms
 + Level 0.8 Armour
 + Level 3.4 Dodging
 - Level 2.0 Spellcasting
 + Level 3.4 Charms


You had one spell level left.
You knew the following spells:

 Your Spells              Type           Power        Failure   Level  Hunger
a - Infusion              Chrm           ##..         7%          1    ##.....
b - Song of Slaying       Chrm           ##......     11%         2    ###....
c - Shroud of Golubria    Chrm/Tloc      #.........   22%         2    ###....
d - Spectral Weapon       Hex/Chrm       #.......     41%         3    ####...


Dungeon Overview and Level Annotations

Branches:
Dungeon (4/15)
 Temple: D:4-7

Altars:
Qazlal


Innate Abilities, Weirdness & Mutations

You revert to your normal form in water.
You are very nimble and swift while swimming.
You are very stealthy in the water. (Stealth+)
You are partially covered in thin metallic scales. (AC +2)
Your muscles are strong. (Str +2)


Message History

You feel sick.
You are no longer magically infusing your attacks.
* * * LOW HITPOINT WARNING * * *
You feel sick.
* * * LOW HITPOINT WARNING * * *
You feel sick.
* * * LOW HITPOINT WARNING * * *
You feel sick.
* * * LOW HITPOINT WARNING * * *
You feel sick.
There is an open door here.
* * * LOW HITPOINT WARNING * * *
You feel sick.
* * * LOW HITPOINT WARNING * * *
You feel sick.
* * * LOW HITPOINT WARNING * * *
You feel sick.
* * * LOW HITPOINT WARNING * * *
You feel sick.
You die...

##.## #.# #.# #.#
#.# #.# ##'## #.#
##...## #.#
##.....## ###.#
##.......## ##.#.#
##.........####....#
.'.........'.s..@..#
##.........###.....#
##.......## #.#...#
##.....## #...###
##...## ##.## ##'##
#.# #.# #.# #.# #.#
##.## #.#


You could see a scorpion.

Vanquished Creatures
  A scorpion (D:4)
  6 gnolls
  6 adders
  An ooze (D:1)
  An adder skeleton (D:4)
  A worm (D:2)
  2 dart slugs
  3 leopard geckos
  A ball python (D:1)
  3 giant cockroaches
  3 goblins (D:2)
  6 hobgoblins
  4 jackals
  A quokka (D:3)
  7 bats
  3 frilled lizards
  2 kobolds
  5 rats
56 creatures vanquished.

Notes
Turn   | Place    | Note
-------+----------+-------------------------------------------
     0 | D:1      | Monsterracer the Merfolk Skald began the quest for the Orb.
     0 | D:1      | Reached XP level 1. HP: 16/16 MP: 3/3
   342 | D:1      | Reached skill level 4 in Polearms
   342 | D:1      | Reached XP level 2. HP: 22/22 MP: 5/5
   600 | D:1      | Gained mutation: Your muscles are strong. (Str +2) [potion of mutation]
   600 | D:1      | Gained mutation: You are partially covered in thin metallic scales. (AC +2) [potion of mutation]
  1050 | D:1      | Reached XP level 3. HP: 27/27 MP: 6/6
  1058 | D:1      | Learned a level 2 spell: Song of Slaying
  1061 | D:1      | Learned a level 2 spell: Shroud of Golubria
  1114 | D:2      | Reached skill level 5 in Polearms
  1502 | D:2      | Reached skill level 6 in Polearms
  1502 | D:2      | Reached XP level 4. HP: 29/33 MP: 0/7
  1923 | D:3      | Reached skill level 7 in Polearms
  2061 | D:3      | Found a stormy altar of Qazlal.
  2068 | D:3      | Reached XP level 5. HP: 35/38 MP: 4/8
  2091 | D:3      | Learned a level 3 spell: Spectral Weapon
  2727 | D:4      | Reached XP level 6. HP: 26/46 MP: 4/9
  3075 | D:4      | HP: 2/46 [poisoned by a scorpion]
  3078 | D:4      | Succumbed to a scorpion's poison

Vault maps used:
D:1:      dpeg_arrival_houses_and_road, hex_medium
D:2:      serial_bayou_ford_a, hangedman_glass_teeth
D:3:      first_bread, grunt_qazlal_clouds

Skill      XL: |  1  2  3  4  5 |
---------------+----------------+-----
Polearms       | 4 6 7 |  7.8
Dodging        | 3 |  3.4
Fighting       | |  2.8
Armour         | |  0.8
Spellcasting   | |  2.0
Charms         | |  3.4

Action                   |  1- 3 |  4- 6 || total
-------------------------+-------+-------++-------
Melee: Spear             |   126 |   156 ||   282
       Tailslap          |       |     1 ||     1
 Cast: Infusion          |     4 |    11 ||    15
       Shroud of Golubri |     1 |     4 ||     5
       Song of Slaying   |       |     1 ||     1
       Spectral Weapon   |       |     1 ||     1
  Use: Potion            |     2 |     1 ||     3
       Scroll            |       |     3 ||     3
 Stab: Sleeping          |     1 |     1 ||     2
  Eat: Chunk             |     2 |     6 ||     8
Armor: Leather armour    |    22 |    27 ||    49
Dodge: Dodged            |    42 |    64 ||   106
